Unix NetHack Version 5.0.0-0 post-release - last build May 31 2026 23:59:36 (970b52f25bf058293b47ddfd14a1e40e571c508c,branch:main).

Game began 2026-06-05 17:28:02, ended 2026-06-05 21:52:35.

Felix1, neutral male human Barbarian

                                              --  ---
                                             --.--|..-
                                            --....|...    -------         ---
                                          ---..........----.....-        --.--
                                           .............|........        |.).|
                                              ...................       --..--
                                                  ..............       --...|
                                                   -............       |....--
                                                   .............-     --.....|
                                                         .......|     |.....--
                                                            |...--    |..----
                                                            |-..%------@--
                                                            |........|G.|
                                                            --..----%..--
                                                             -..   --...-
                                                             ...    |.....
                                                            ..---   |.......-
                                                           |.-      |...--...|
                                                           --       ----- -..|
                                                                           ---

Felix1 the Pillager        St:18/01 Dx:18 Co:18 In:7 Wi:7 Ch:6  Neutral
Dlvl:5  $:228 HP:0(40) Pw:5(5) AC:5  Xp:3 T:1424  Satiated

Latest messages:
 The gnome hits!
 You kill the gnome!
 You see here a gnome corpse.
 There is a gnome corpse here; eat it? [ynq] (n) y
 This gnome corpse is tough.
 You finish eating the gnome corpse.
 There is a gnome corpse here; eat it? [ynq] (n) y
 Blecch!  Rotten food!
 The world spins and goes dark.
 You are conscious again.
 There is a partly eaten gnome corpse here; eat it? [ynq] (n) y
 You resume your meal.
 You finish eating the gnome corpse.
 You see here 6 darts.
 s - 6 darts.
 There is a branch staircase up to the Dungeons of Doom here.
 There are several objects here.
 There is a partly eaten dwarf corpse here; eat it? [ynq] (n) y
 This dwarf corpse tastes terrible!
 You finish eating the dwarf corpse.
 What do you want to eat? [dr or ?*] <esc>
 Never mind.
 s - a dart (7 in total).
 t - a dwarvish iron helm.
 You finish your dressing maneuver.
 You see here a scroll labeled DAIYEN FOOELS.
 u - a scroll labeled DAIYEN FOOELS.
 The gnome misses!
 The gnome hits!
 You kill the gnome!
 You see here a gnome corpse.
 The gnome shoots 2 crossbow bolts!
 You are hit by the 1st crossbow bolt.
 You are hit by the 2nd crossbow bolt.
 The gnome shoots 2 crossbow bolts!
 The 1st crossbow bolt misses you.
 You are hit by the 2nd crossbow bolt.
 You see here a gnome corpse.
 The gnome picks up a crossbow bolt.
 The gnome hits!
 You kill the gnome!
 The gnome king picks up a crossbow bolt.
 You miss the gnome king.
 The gnome king hits!
 You miss the gnome king.
 The gnome king hits!
 The gnome king hits!
 You die...
 Do you want your possessions identified? [ynq] (y) y
 Do you want to see your attributes? [ynq] (y) q

Inventory:
 Coins    ('$')
  $ - 228 gold pieces
 Weapons  (')')
  s - 7 +0 darts
  k - 2 +0 orcish daggers
  a - a +0 battle-axe (weapon in hands)
  b - a +0 short sword (alternate weapon; not wielded)
 Armor    ('[')
  t - an uncursed +0 dwarvish iron helm (being worn)
  c - an uncursed +0 ring mail (being worn)
 Comestibles  ('%')
  d - 6 uncursed food rations
  r - an uncursed rotten tin of kobold leader meat
 Scrolls  ('?')
  p - an uncursed scroll of enchant weapon
  u - an uncursed scroll of magic mapping
 Spellbooks  ('+')
  o - an uncursed spellbook of confuse monster
 Potions  ('!')
  l - an uncursed potion of paralysis
  m - an uncursed potion of speed
 Tools    ('(')
  f - a cursed oil lamp
 Gems/Stones  ('*')
  h - 6 cursed rocks

Felix1 the Barbarian's attributes:

Background:
 You were a Pillager, a level 3 male human Barbarian.
 You were neutral, nominally on a mission for Crom
 who was opposed by Mitra (lawful) and Set (chaotic).
 You were right-handed.
 You were in the Gnomish Mines, on level 5.
 You entered the dungeon 1424 turns ago.
 You had 77 experience points, 3 more were needed to attain level 4.

Basics:
 You had 0 out of 40 hit points.
 You had all 5 energy points (spell power).
 Your armor class was 5.
 Your wallet contained 228 zorkmids.
 Autopickup was off.

Final Characteristics:
 Your strength was 18/01 (limit:18/100).
 Your dexterity was 18 (limit:18).
 Your constitution was 18 (limit:18).
 Your intelligence was 7 (limit:18).
 Your wisdom was 7 (limit:18).
 Your charisma was 6 (limit:18).

Final Status:
 You were satiated.
 You were unencumbered.
 You were wielding an axe.
 You had basic skill with axe.

Final Attributes:
 You were devoutly aligned.
 You were poison resistant.
 You were warded.
 You are dead.

Miscellaneous:
 You didn't encounter any bones levels.
 Total elapsed playing time was 14 minutes and 23 seconds.

Major events:
 Turn
    1: Felix1 the neutral male human Barbarian entered the dungeon
 1288: entered the Gnomish Mines
 1289: attained the rank of Pillager (level 3)
 1424: killed by a gnome king

You didn't know any spells.

Skills:
 Fighting Skills
   bare handed combat [Basic]
   two weapon combat  [Unskilled]
   riding             [Unskilled]
 Weapon Skills
   dagger             [Unskilled]
   axe                [Basic]
   pick-axe           [Unskilled]
   short sword        [Basic]
   broadsword         [Unskilled]
   long sword         [Unskilled]
   two-handed sword   [Unskilled]
   saber              [Unskilled]
   club               [Unskilled]
   mace               [Unskilled]
   morning star       [Unskilled]
   flail              [Unskilled]
   hammer             [Unskilled]
   quarterstaff       [Unskilled]
   spear              [Unskilled]
   trident            [Unskilled]
   bow                [Unskilled]
 Spellcasting Skills
   attack spells      [Unskilled]
   escape spells      [Unskilled]

Voluntary challenges:
 Character rerolling was not enabled.
 You were an atheist.
 You never genocided any monsters.
 You never polymorphed an object.
 You never changed form.
 You used no wishes.
Achievements:
 You entered a shop.
 You entered the Gnomish Mines.
 You attained the rank of Pillager.

 The Dungeons of Doom: levels 1 to 4
    Level 1:
    Level 2:
       A general store, a fountain.
    Level 3:
       A ring shop, many altars.
    Level 4:
       Stairs down to The Gnomish Mines.
 The Gnomish Mines:
    Level 5: <- You were here.
       Final resting place for
          you, killed by a gnome king.


Vanquished creatures:
  a dwarf
 an acid blob
  a brown mold
  4 gnomes
  a gecko
  2 jackals
  2 goblins
  2 grid bugs
  2 lichens
  a kobold zombie
  4 newts
21 creatures vanquished.

No species were genocided or became extinct.

Game over:
                       ----------
                      /          \
                     /    REST    \
                    /      IN      \
                   /     PEACE      \
                  /                  \
                  |      Felix1      |
                  |      228 Au      |
                  |   killed by a    |
                  |    gnome king    |
                  |                  |
                  |                  |
                  |       2026       |
                 *|     *  *  *      | *
        _________)/\\_//(\/(/\)/\//\/|_)_______

Goodbye Felix1 the Barbarian...

You died in The Gnomish Mines on dungeon level 5 with 714 points,
and 228 pieces of gold, after 1424 moves.
You were level 3 with a maximum of 40 hit points when you died.

